PL
CHICAGO GOLD SOX @ PHILADELPHIA 1776 BC
08/01/2034
 
TOP OF THE 1ST
Chicago Gold Sox batting - Pitching for Philadelphia 1776 BC : RHP Jay Mahabir
Pitching: RHP Jay Mahabir
Batting: RHB Mario Álvarez 0-0: Ball
1-0: Ball
2-0: Foul Ball, location: 2F
2-1: DOUBLE (Line Drive, 8LD)
Batting: RHB Ramón Rodríguez 0-0: Ball
1-0: Called Strike
1-1: Fly out, F7 (Flyball, 7LD)
Runner from 2nd tags up, SAFE at 3rd, no throw
Batting: LHB Shigenobu Ohayashi 0-0: Ball
1-0: Called Strike
1-1: Called Strike
1-2: Ball
2-2: Foul Ball, location: 2F
2-2: Foul Ball, location: 2F
2-2: Foul Ball, location: 2F
2-2: Ball
3-2: Fly out, F9 (Flyball, 9)
Runner from 3rd tags up, OUT at HOME
Top of the 1st over - 0 runs, 1 hit, 0 errors, 0 left on base; Chicago 0 - Philadelphia 1776 0
BOTTOM OF THE 1ST
Philadelphia 1776 BC batting - Pitching for Chicago Gold Sox : RHP Tony Alfonso
Pitching: RHP Tony Alfonso
Batting: RHB Mario Castillo 0-0: Ball
1-0: Called Strike
1-1: Ball
2-1: Ball
3-1: Called Strike
3-2: Strikes out looking
Batting: LHB José Rodríguez 0-0: Foul Ball, location: 2F
0-1: Foul Ball, location: 2F
0-2: Ball
1-2: Foul Ball, location: 2F
1-2: Strikes out looking
Batting: LHB Manoo Satyavrat 0-0: Called Strike
0-1: Ball
1-1: Swinging Strike
1-2: Ball
2-2: Foul Ball, location: 2F
2-2: Ball
3-2: Ground out 5-3 (Groundball, 5)
Bottom of the 1st over - 0 runs, 0 hits, 0 errors, 0 left on base; Chicago 0 - Philadelphia 1776 0
TOP OF THE 2ND
Chicago Gold Sox batting - Pitching for Philadelphia 1776 BC : RHP Jay Mahabir
Batting: RHB Shimei Miura 0-0: Foul Ball, location: 2F
0-1: Fly out, F7 (Line Drive, 7)
Batting: SHB Lupo Cotto 0-0: Ball
1-0: Foul Ball, location: 2F
1-1: Foul Ball, location: 2F
1-2: Ball
2-2: Ball
3-2: Ground out 4-3 (Groundball, 34D)
Batting: SHB Valentín Guzmán 0-0: Ball
1-0: Called Strike
1-1: Ball
2-1: Ball
3-1: Swinging Strike
3-2: Strikes out swinging
Top of the 2nd over - 0 runs, 0 hits, 0 errors, 0 left on base; Chicago 0 - Philadelphia 1776 0
BOTTOM OF THE 2ND
Philadelphia 1776 BC batting - Pitching for Chicago Gold Sox : RHP Tony Alfonso
Batting: RHB Eddie Sachs 0-0: SINGLE (Line Drive, 89S)
Batting: SHB Sam Quint 0-0: Ball
1-0: Ball
2-0: Foul Ball, location: 2F
2-1: Ball
3-1: Base on Balls
Eddie Sachs to second
Batting: LHB Rafael Sánchez 0-0: Ball
1-0: Called Strike
1-1: Called Strike
1-2: Strikes out looking
Batting: RHB Phil Moore 0-0: Ball
1-0: Ball
2-0: Ball
3-0: Called Strike
3-1: Called Strike
3-2: Base on Balls
Eddie Sachs to third
Sam Quint to second
Batting: LHB Jake Grant 0-0: Ball
1-0: SINGLE (Line Drive, 89S)
Eddie Sachs scores
Sam Quint to third
Phil Moore to second
Batting: RHB Tim Burney 0-0: Foul Ball, location: 2F
0-1: Swinging Strike
0-2: Ball
1-2: Strikes out swinging
Batting: RHB Mario Castillo 0-0: Ball
1-0: Swinging Strike
1-1: Ball
2-1: Ball
3-1: Base on Balls
Sam Quint scores
Phil Moore to third
Jake Grant to second
Batting: LHB José Rodríguez 0-0: Called Strike
0-1: Ball
1-1: Swinging Strike
1-2: Strikes out swinging
Bottom of the 2nd over - 2 runs, 2 hits, 0 errors, 3 left on base; Chicago 0 - Philadelphia 1776 2
TOP OF THE 3RD
Chicago Gold Sox batting - Pitching for Philadelphia 1776 BC : RHP Jay Mahabir
Batting: LHB Roberto Vázquez 0-0: Swinging Strike
0-1: Called Strike
0-2: Foul Ball, location: 2F
0-2: Ball
1-2: Strikes out swinging
Batting: LHB Miguel Gazivoda 0-0: Foul Ball, location: 2F
0-1: SOLO HOME RUN (Flyball, 9LD), Distance : 364 ft
Batting: RHB Jay Hood 0-0: Ball
1-0: Ground out 4-3 (Groundball, 34)
Batting: RHB Mario Álvarez 0-0: Ball
1-0: Called Strike
1-1: Ball
2-1: Ball
3-1: Called Strike
3-2: Strikes out swinging
Top of the 3rd over - 1 run, 1 hit, 0 errors, 0 left on base; Chicago 1 - Philadelphia 1776 2
BOTTOM OF THE 3RD
Philadelphia 1776 BC batting - Pitching for Chicago Gold Sox : RHP Tony Alfonso
Batting: LHB Manoo Satyavrat 0-0: Called Strike
0-1: Ball
1-1: Swinging Strike
1-2: Ball
2-2: Ground out 3-1 (Groundball, 3S)
Batting: RHB Eddie Sachs 0-0: Swinging Strike
0-1: Ball
1-1: Ball
2-1: Foul Ball, location: 2F
2-2: Foul Ball, location: 2F
2-2: Strikes out swinging
Batting: SHB Sam Quint 0-0: Foul Ball, location: 2F
0-1: Ball
1-1: Ball
2-1: Foul Ball, location: 2F
2-2: Strikes out swinging
Bottom of the 3rd over - 0 runs, 0 hits, 0 errors, 0 left on base; Chicago 1 - Philadelphia 1776 2
TOP OF THE 4TH
Chicago Gold Sox batting - Pitching for Philadelphia 1776 BC : RHP Jay Mahabir
Batting: RHB Ramón Rodríguez 0-0: Called Strike
0-1: Ball
1-1: Ball
2-1: Ball
3-1: Base on Balls
Batting: LHB Shigenobu Ohayashi 0-0: Called Strike
0-1: Called Strike
0-2: Ball
1-2: Foul Ball, location: 2F
1-2: Fielders Choice at 2nd, 6-4 (Groundball, 6M)
Batting: RHB Shimei Miura 0-0: Foul Ball, location: 2F
0-1: Ball
1-1: Ball
2-1: Ball
3-1: Base on Balls
Shigenobu Ohayashi to second
Batting: SHB Lupo Cotto 0-0: Ball
1-0: Called Strike
1-1: Fly out, F8 (Flyball, 8RXD)
Runner from 2nd tags up, SAFE at 3rd, no throw
Batting: SHB Valentín Guzmán 0-0: Ball
1-0: Fly out, F9 (Flyball, 9LD)
Top of the 4th over - 0 runs, 0 hits, 0 errors, 2 left on base; Chicago 1 - Philadelphia 1776 2
BOTTOM OF THE 4TH
Philadelphia 1776 BC batting - Pitching for Chicago Gold Sox : RHP Tony Alfonso
Batting: LHB Rafael Sánchez 0-0: Called Strike
0-1: Called Strike
0-2: Ball
1-2: Foul Ball, location: 2F
1-2: Ball
2-2: Ball
3-2: SINGLE (Line Drive, 89S)
Batting: RHB Phil Moore 0-0: Ball
1-0: Called Strike
1-1: Called Strike
1-2: Fly out, F8 (Flyball, 8LS)
Batting: LHB Jake Grant 0-0: Ball
1-0: Called Strike
1-1: Swinging Strike
1-2: Strikes out swinging
Batting: RHB Tim Burney 0-0: Ball
1-0: Called Strike
1-1: Ball
2-1: Ball
3-1: Foul Ball, location: 2F
3-2: Ground out 6-3 (Groundball, 6D)
Bottom of the 4th over - 0 runs, 1 hit, 0 errors, 1 left on base; Chicago 1 - Philadelphia 1776 2
TOP OF THE 5TH
Chicago Gold Sox batting - Pitching for Philadelphia 1776 BC : RHP Jay Mahabir
Batting: LHB Roberto Vázquez 0-0: Foul Ball, location: 2F
0-1: Ball
1-1: Swinging Strike
1-2: Ball
2-2: Foul Ball, location: 2F
2-2: Foul Ball, location: 2F
2-2: Ball
3-2: Base on Balls
Batting: LHB Miguel Gazivoda 0-0: Ball
1-0: Called Strike
1-1: Ball
2-1: Fly out, F9 (Flyball, 89S)
Batting: RHB Jay Hood 0-0: Ball
1-0: Swinging Strike
1-1: Ball
Roberto Vázquez steals 2nd base
2-1: Ball
Roberto Vázquez steals 3rd base
3-1: Swinging Strike
3-2: Strikes out looking
Batting: RHB Mario Álvarez 0-0: Called Strike
0-1: Ball
1-1: Ball
2-1: Foul Ball, location: 2F
2-2: DOUBLE (Line Drive, 8RD)
Roberto Vázquez scores
Batting: RHB Ramón Rodríguez 0-0: Ball
1-0: Ball
2-0: Ball
3-0: Called Strike
3-1: Foul Ball, location: 2F
3-2: Strikes out swinging
Top of the 5th over - 1 run, 1 hit, 0 errors, 1 left on base; Chicago 2 - Philadelphia 1776 2
BOTTOM OF THE 5TH
Philadelphia 1776 BC batting - Pitching for Chicago Gold Sox : RHP Tony Alfonso
Batting: RHB Mario Castillo 0-0: Ball
1-0: Called Strike
1-1: Swinging Strike
1-2: Ball
2-2: Ball
3-2: Strikes out looking
Pitching: RHP Mario Gonzáles
Batting: LHB José Rodríguez 0-0: Ball
1-0: Foul Ball, location: 2F
1-1: Swinging Strike
1-2: SINGLE (Line Drive, 56)
Batting: LHB Manoo Satyavrat 0-0: Ball
1-0: Ball
Throwing error on steal attempt, E2
José Rodríguez to third
2-0: Called Strike
2-1: Foul Ball, location: 2F
2-2: 2-RUN HOME RUN (Flyball, 89XD), Distance : 412 ft
Batting: RHB Eddie Sachs 0-0: Ball
1-0: Foul Ball, location: 2F
1-1: Ball
2-1: Ball
3-1: Base on Balls
Batting: SHB Sam Quint 0-0: Foul Ball, location: 2F
0-1: Swinging Strike
0-2: Ball
1-2: Ball
2-2: DOUBLE (Flyball, 89D)
Eddie Sachs to third
Batting: LHB Rafael Sánchez 0-0: Ball
1-0: Ball
2-0: Swinging Strike
2-1: Ball
3-1: Base on Balls
Batting: RHB Phil Moore 0-0: Ball
1-0: Ball
2-0: Called Strike
2-1: Fly out, F8 (Flyball, 8RS)
Runner from 3rd tags up, SCORES, no throw
Batting: LHB Jake Grant 0-0: Called Strike
0-1: Ball
1-1: Foul Ball, location: 2F
1-2: Ball
2-2: Ball
3-2: Foul Ball, location: 2F
3-2: Strikes out swinging
Bottom of the 5th over - 3 runs, 3 hits, 1 error, 2 left on base; Chicago 2 - Philadelphia 1776 5
TOP OF THE 6TH
Chicago Gold Sox batting - Pitching for Philadelphia 1776 BC : RHP Jay Mahabir
Batting: LHB Shigenobu Ohayashi 0-0: Ball
1-0: Ball
2-0: Ball
3-0: Called Strike
3-1: Called Strike
3-2: Ground out 4-3 (Groundball, 4M)
Batting: RHB Shimei Miura 0-0: Called Strike
0-1: Foul Ball, location: 2F
0-2: Foul Ball, location: 2F
0-2: Strikes out swinging
Batting: SHB Lupo Cotto 0-0: Ball
1-0: SINGLE (Flyball, 89M)
Pitching: LHP Masami Kogawa
Batting: SHB Valentín Guzmán 0-0: Ball
1-0: Called Strike
1-1: Ball
2-1: SINGLE (Groundball, 56D)
Lupo Cotto to second
Batting: LHB Roberto Vázquez 0-0: Called Strike
0-1: Ground out U3 (Groundball, 34)
Top of the 6th over - 0 runs, 2 hits, 0 errors, 2 left on base; Chicago 2 - Philadelphia 1776 5
BOTTOM OF THE 6TH
Philadelphia 1776 BC batting - Pitching for Chicago Gold Sox : RHP Mario Gonzáles
Pitching: RHP Tomás Huesca
Batting: RHB Tim Burney 0-0: Ball
1-0: Swinging Strike
1-1: Ground out 4-3 (Groundball, 4)
Batting: RHB Mario Castillo 0-0: Swinging Strike
0-1: Ball
1-1: Foul Ball, location: 2F
1-2: Ground out 4-3 (Groundball, 34)
Batting: LHB José Rodríguez 0-0: Foul Ball, location: 2F
0-1: Foul Ball, location: 2F
0-2: Ball
1-2: Foul Ball, location: 2F
1-2: Foul Ball, location: 2F
1-2: Ball
2-2: Fly out, F7 (Flyball, 78M)
Bottom of the 6th over - 0 runs, 0 hits, 0 errors, 0 left on base; Chicago 2 - Philadelphia 1776 5
TOP OF THE 7TH
Chicago Gold Sox batting - Pitching for Philadelphia 1776 BC : LHP Masami Kogawa
Batting: LHB Miguel Gazivoda 0-0: SINGLE (Groundball, 34D)
Batting: RHB Jay Hood 0-0: Ball
1-0: Sac Bunt - play at first, batter OUT! 3-4
Miguel Gazivoda to second
Batting: RHB Mario Álvarez 0-0: Foul Ball, location: 2F
0-1: Ground out 6-3 (Groundball, 6)
Batting: RHB Ramón Rodríguez 0-0: Called Strike
0-1: Foul Ball, location: 2F
0-2: Ball
1-2: Ball
2-2: Fly out, F8 (Line Drive, 8LXD)
Top of the 7th over - 0 runs, 1 hit, 0 errors, 1 left on base; Chicago 2 - Philadelphia 1776 5
BOTTOM OF THE 7TH
Philadelphia 1776 BC batting - Pitching for Chicago Gold Sox : RHP Tomás Huesca
Batting: LHB Manoo Satyavrat 0-0: Swinging Strike
0-1: Ball
1-1: Called Strike
1-2: Ball
2-2: Foul Ball, location: 2F
2-2: Strikes out swinging
Batting: RHB Eddie Sachs 0-0: Called Strike
0-1: Ball
1-1: Ball
2-1: Ball
3-1: Foul Ball, location: 2F
3-2: Strikes out looking
Batting: SHB Sam Quint 0-0: Ball
1-0: Ball
2-0: Ball
3-0: Called Strike
3-1: Fly out, F7 (Line Drive, 7)
Bottom of the 7th over - 0 runs, 0 hits, 0 errors, 0 left on base; Chicago 2 - Philadelphia 1776 5
TOP OF THE 8TH
Chicago Gold Sox batting - Pitching for Philadelphia 1776 BC : LHP Masami Kogawa
Batting: LHB Shigenobu Ohayashi 0-0: Foul Ball, location: 2F
0-1: Ball
1-1: Ground out 4-3 (Groundball, 4M)
Batting: RHB Shimei Miura 0-0: Ball
1-0: Ball
2-0: Ball
3-0: Called Strike
3-1: Base on Balls
Batting: SHB Lupo Cotto 0-0: Called Strike
0-1: Called Strike
0-2: Ground out 5-3 (Groundball, 56S)
Shimei Miura to second
Batting: SHB Valentín Guzmán 0-0: Ball
1-0: Ball
2-0: Ball
3-0: Base on Balls
Batting: LHB Roberto Vázquez 0-0: Ball
1-0: Ball
2-0: Swinging Strike
2-1: Called Strike
2-2: Strikes out swinging
Top of the 8th over - 0 runs, 0 hits, 0 errors, 2 left on base; Chicago 2 - Philadelphia 1776 5
BOTTOM OF THE 8TH
Philadelphia 1776 BC batting - Pitching for Chicago Gold Sox : RHP Tomás Huesca
Batting: LHB Rafael Sánchez 0-0: Foul Ball, location: 2F
0-1: Foul Ball, location: 2F
0-2: Ball
1-2: Ball
2-2: Ball
3-2: Base on Balls
Batting: RHB Phil Moore 0-0: Sac Bunt - play at second, runner OUT! 2-6
Batting: LHB Jake Grant 0-0: Ball
1-0: Ball
2-0: Foul Ball, location: 2F
2-1: Ball
3-1: Base on Balls
Phil Moore to second
Batting: RHB Tim Burney 0-0: Foul Ball, location: 2F
0-1: Foul Ball, location: 2F
0-2: Strikes out looking
Batting: RHB Mario Castillo 0-0: Ball
1-0: Foul Ball, location: 2F
1-1: Ball
2-1: Ball
3-1: Base on Balls
Phil Moore to third
Jake Grant to second
Batting: LHB José Rodríguez 0-0: Called Strike
0-1: Ball
1-1: Ball
2-1: Foul Ball, location: 2F
2-2: Foul Ball, location: 2F
2-2: Ground out 5-3 (Groundball, 56S)
Bottom of the 8th over - 0 runs, 0 hits, 0 errors, 3 left on base; Chicago 2 - Philadelphia 1776 5
TOP OF THE 9TH
Chicago Gold Sox batting - Pitching for Philadelphia 1776 BC : LHP Masami Kogawa
Pitching: RHP Tony Solíz
Batting: LHB Miguel Gazivoda 0-0: Ball
1-0: Called Strike
1-1: Fly out, F9 (Flyball, 89D)
Batting: RHB Jay Hood 0-0: Ball
1-0: Ball
2-0: Swinging Strike
2-1: Swinging Strike
2-2: Fly out, F8 (Flyball, 8LD)
Batting: RHB Mario Álvarez 0-0: Single, Error in OF, E7, batter to second base
Batting: RHB Ramón Rodríguez 0-0: Ball
1-0: Swinging Strike
1-1: Ball
2-1: Ground out 5-3 (Groundball, 56)
Top of the 9th over - 0 runs, 1 hit, 1 error, 1 left on base; Chicago 2 - Philadelphia 1776 5
Friday, March 29th, 2019 - OOTP Baseball 18.8 Build 76